 Dungeon Crawl Stone Soup version 0.24.0-123-gd5b16e6ec5 (webtiles) character file.

Game seed: 9876969216662968484, levelgen mode: deterministic

293 Descartes the Magician (level 6, 0/32 HPs)
             Began as a Deep Elf Wizard on Feb 2, 2020.
             Slain by an orc wizard
             ... wielding a +0 dagger
              (2 damage)
             ... on level 4 of the Dungeon.
             The game lasted 00:09:33 (3807 turns).

Descartes the Magician (Deep Elf Wizard)            Turns: 3807, Time: 00:09:34

Health: 0/32       AC:  3    Str:  9    XL:     6   Next: 11%
Magic:  17/17      EV: 12    Int: 25    God:
Gold:   157        SH:  4    Dex: 13    Spells: 8/17 levels left

rFire    . . .     SeeInvis .   o - +0 dagger
rCold    . . .     Gourm    .   j - +0 buckler
rNeg     + . .     Faith    .   h - +0 leather armour
rPois    .         Spirit   .   b - +0 hat
rElec    .         Reflect  .   (no cloak)
rCorr    .         Harm     .   (no gloves)
MR       .....                  (no boots)
Stlth    ++........             (no amulet)
HPRegen  0.10/turn              e - ring of flight
MPRegen  0.15/turn              i - ring of positive energy

@: mighty
A: no striking features
a: Evoke Flight


You were on level 4 of the Dungeon.
You were not hungry.

You visited 1 branch of the dungeon, and saw 4 of its levels.

You collected 157 gold pieces.

Inventory:

Hand Weapons
 o - a +0 dagger (weapon)
 p - a +0 quarterstaff
 v - a +0 trident
Missiles
 g - 66 stones (quivered)
 w - 4 arrows
Armour
 a - a +0 robe
 b - a +0 hat (worn)
 h - a +0 leather armour (worn)
 j - a +0 buckler (worn)
Jewellery
 e - a ring of flight (left hand)
 i - a ring of positive energy (right hand)
Scrolls
 c - a scroll of blinking {unknown}
 f - a scroll of immolation {unknown}
 q - a scroll of enchant armour {unknown}
 s - 2 scrolls of remove curse {unknown}
 t - a scroll of fear {unknown}
 u - a scroll of magic mapping {unknown}
 y - 2 scrolls of amnesia {unknown}
Potions
 k - a potion of flight
 l - a potion of degeneration
 m - a potion of invisibility
 r - a potion of heal wounds
Comestibles
 d - 3 rations


   Skills:
 - Level 2.5 Dodging
 + Level 3.7 Stealth
 + Level 2.4 Shields
 + Level 6.3 Spellcasting
 + Level 3.6 Conjurations
   Level 1.1 Summonings
 + Level 1.1 Translocations
 + Level 0.0 Evocations


You had 8 spell levels left.
You knew the following spells:

 Your Spells              Type           Power        Failure   Level  Hunger
a - Magic Dart            Conj           ####         2%          1    None
b - Blink                 Tloc           N/A          12%         2    None
c - Conjure Flame         Conj/Fire      ###.....     19%         3    None
d - Mephitic Cloud        Conj/Pois/Air  ##......     22%         3    None

Your spell library contained the following spells:

 Spells                   Type           Power        Failure   Level  Hunger
 Call Imp                 Summ           ##......     12%         2    None
 Slow                     Hex            #.......     19%         2    None


Dungeon Overview and Level Annotations

Branches:
Dungeon (4/15)
 Temple: D:4-7

Altars:
Nemelex Xobeh

Annotations:
D:4 Sigmund


Message History

Sigmund hits you with a +0 scythe!
You completely miss Sigmund.
The orc wizard mumbles some strange words.
The orc wizard blinks!
Sigmund barely misses you.
You barely miss Sigmund. You hit Sigmund.
Sigmund is lightly wounded.
The orc wizard hits you but does no damage.
You block Sigmund's attack.
The orc wizard hits you but does no damage.
You hit Sigmund.
Sigmund is moderately wounded.
Sigmund hits you with a +0 scythe!
* * * LOW HITPOINT WARNING * * *
The orc wizard gestures at you while chanting.
The magic dart hits you!
* * * LOW HITPOINT WARNING * * *
The frilled lizard bites you but does no damage.
The orc wizard hits you with a +0 dagger.
You die...

..>.............
##..........!..##.
#.................
#.................
#................
#...............
##...............
#...l......#?....
##.@.@...........
#...o.....##..#..
#...##...## .## .
#### #...# # #^..#
#####


You could see Sigmund, an orc wizard and a frilled lizard.

Vanquished Creatures
  Grinder (D:3)
  4 adders
  An ooze (D:3)
  An adder zombie (D:2)
  A worm (D:2)
  An adder skeleton (D:2)
  A dart slug (D:1)
  A leopard gecko (D:2)
  A bat skeleton (D:2)
  A bat zombie (D:2)
  5 giant cockroaches
  9 goblins
  4 hobgoblins
  5 jackals
  6 kobolds
  A quokka (D:3)
  A ball python (D:2)
  A ball python zombie (D:2)
  6 bats
  3 frilled lizards
  7 rats
61 creatures vanquished.

Notes
Turn   | Place    | Note
-------+----------+-------------------------------------------
     0 | D:1      | Descartes the Deep Elf Wizard began the quest for the Orb.
     0 | D:1      | Reached XP level 1. HP: 10/10 MP: 7/7
   447 | D:1      | Reached XP level 2. HP: 15/15 MP: 4/9
  1260 | D:2      | Reached XP level 3. HP: 19/19 MP: 6/11
  1264 | D:2      | Learned a level 2 spell: Blink
  1382 | D:2      | Reached skill level 5 in Spellcasting
  1702 | D:2      | Reached skill level 1 in Shields
  2171 | D:2      | Reached XP level 4. HP: 24/24 MP: 4/13
  2987 | D:3      | Found a sparkling altar of Nemelex Xobeh.
  3208 | D:4      | Noticed Grinder
  3219 | D:3      | Killed Grinder
  3219 | D:3      | Reached skill level 6 in Spellcasting
  3219 | D:3      | Reached XP level 5. HP: 8/28 MP: 10/15
  3219 | D:3      | Reached XP level 6. HP: 9/32 MP: 11/17
  3466 | D:4      | Noticed Sigmund
  3738 | D:3      | Learned a level 3 spell: Conjure Flame
  3742 | D:3      | Learned a level 3 spell: Mephitic Cloud
  3807 | D:4      | Slain by an orc wizard

Levels and vault maps discovered:
D:1:      psy_arrival_dodecagon, layout_basic
D:2:      layout_basic, serial_undead, serial_undead_f, serial_undead_b,
          serial_undead_a, serial_undead_f, kennysheep_big_empty_room
D:3:      layout_rooms, nemelex_spade_bored_becter
D:4:      layout_cave_pools, minmay_temple_entry_proselytizer, first_ration,
          makhleb_blood_cavern_becter, uniq_grinder, uniq_sigmund, uniq_robin

Skill      XL: |  1  2  3  4 |
---------------+-------------+-----
Spellcasting   | 5 6 |  6.3
Conjurations   | 2 3 |  3.6
Shields        | 1 2 |  2.4
Stealth        | 3 |  3.7
Dodging        | |  2.5
Summonings     | |  1.1
Translocations | |  1.1

Action                   |  1- 3 |  4- 6 || total
-------------------------+-------+-------++-------
Melee: Quarterstaff      |       |     4 ||     4
       Dagger            |       |     5 ||     5
 Cast: Magic Dart        |   101 |    62 ||   163
  Use: Scroll            |       |     6 ||     6
       Potion            |       |     2 ||     2
  Eat: Chunk             |     3 |     4 ||     7
       Ration            |       |     1 ||     1
Armor: Robe              |     5 |     2 ||     7
       Leather armour    |       |     2 ||     2
Dodge: Dodged            |    23 |    12 ||    35
Block: Buckler           |       |     1 ||     1
